[Event "DFMM-LV 2023"]
[Site "Braunfels"]
[Date "2023.06.09"]
[Round "3.6"]
[White "Trunz, Elena"]
[Black "Hartung, Katja"]
[Result "1-0"]
[Annotator "TA"]
[ECO "C77"]
[WhiteElo "2122"]
[BlackElo "1944"]
[PlyCount "55"]
[EventDate "2023.06.09"]
[EventType "team-tourn"]
[EventCountry "GER"]
[SourceTitle "playchess.com"]
[Source "ChessBase"]
[SourceQuality "1"]
[TimeControl "40/5400+30:1800+30"]

1. e4 e5 2. Nf3 Nc6 3. Bb5 a6 4. Ba4 b5 5. Bb3 Nf6 6. d3 Be7 7. O-O O-O 8. c3 d5 9. Nbd2 $1 {[%emt 0:02:05][%mdl 4] is recently more successful than 9.exd5.} Bg4 {[%emt 0:03:58] C77: Ruy Lopez: 3...a6 4 Ba4 Nf6, unusual lines.} 10. Qe2 {[%emt 0:07:39] [#]} (10. h3 {simplifies} Bxf3 11. Nxf3 dxe4 12. dxe4 Qxd1 13. Rxd1 Rad8 14. Re1) 10... Bc5 $146 (10... Be6 $11) ({Predecessor:} 10... dxe4 11. dxe4 Nh5 12. Rd1 Bc5 13. Nf1 Qf6 14. Bd5 Rad8 15. Ne3 Nf4 16. Qf1 Nh3+ 17. gxh3 Bxf3 {0-1 Al Ali,A (1478)-Padmini,R (2370) Sharjah Cup Final (Women) 11th rapid 2021 (1)}) 11. exd5 $1 $16 Nxd5 (11... Na5 $16) 12. Qe4 $18 Be6 13. Nxe5 $2 ({White has to play} 13. Ng5 $1 $18 g6 14. d4) 13... Nxe5 $14 14. Qxe5 Bd6 15. Qe4 Re8 {[%emt 0:01:59][%cal Od5c3] [#]} 16. Qf3 $1 Nf6 (16... Qh4 $2 17. g3 Qg5 18. h4 $18) 17. Bxe6 Rxe6 18. Nb3 c5 {[%emt 0:05:57] Inhibits Nd4.} 19. Bg5 h6 20. Bh4 Qe8 21. Bg3 Bxg3 22. hxg3 Rc8 23. d4 Ne4 24. dxc5 Nxc5 25. Nd4 Re4 26. Rad1 Na4 $2 {[%emt 0:00:22][%mdl 8192] [#]} (26... g6 $16) 27. Nf5 $1 $18 {[%emt 0:01:01] aiming for Nd6.} Nxb2 28. Nd6 $1 {[%emt 0:00:47][%csl LRc8,LRe4,LRe8] Weighted Error Value: White=0.13 (very precise) /Black=0.54} 1-0

[Event "DFMM-LV 2023"]
[Site "Braunfels"]
[Date "2023.06.09"]
[Round "3.7"]
[White "Eue, Vicky"]
[Black "Sereda, Yaroslava"]
[Result "0-1"]
[Annotator "TA"]
[ECO "B33"]
[WhiteElo "1682"]
[BlackElo "1913"]
[PlyCount "64"]
[EventDate "2023.06.09"]
[EventType "team-tourn"]
[EventCountry "GER"]
[SourceTitle "playchess.com"]
[Source "ChessBase"]
[SourceQuality "1"]
[TimeControl "40/5400+30:1800+30"]

1. e4 c5 2. Nf3 Nc6 3. d4 cxd4 4. Nxd4 e5 5. Nf3 Nf6 6. Nc3 Bb4 7. Bd3 d5 8. exd5 Nxd5 9. Bd2 O-O {[%emt 0:11:36] ...Bxc3 would be deadly. B33: Sicilian: Pelikan and Sveshnikov Variations.} 10. Nxd5 Qxd5 11. Bxb4 Nxb4 {[%emt 0:00:30] Black is better.} 12. a3 Nxd3+ 13. Qxd3 {[%emt 0:01:53] [#]} Qc6 $146 (13... Qxd3 {simplifies} 14. cxd3 Bg4 15. Rc1 Rad8) ({Predecessor:} 13... Qxd3 14. cxd3 Bf5 15. Ke2 Rad8 16. Rhd1 Rd7 17. Rac1 Rfd8 18. Rc3 f6 19. Ke3 Kf7 {0-1 Shlyapkin,A (1783)-Gunduz,U (2230) Sveshnikov Memorial op blitz 2021 (5)}) 14. Ng5 e4 15. Nxe4 Bf5 $1 16. f3 Rad8 {[%emt 0:01:11][%mdl 1024] Black has strong compensation.} 17. Qe2 Qb6 $36 {[%emt 0:04:28][%cal Of8e8][%mdl 2048] White is under strong pressure.} 18. c3 {[%emt 0:02:32] [#]} Rfe8 {[%emt 0:06:37] Black is much more active. The white rooks are badly placed.} (18... Be6 $1 $17 {Hoping for ...f5.} 19. g4 Bb3) 19. Rd1 $1 $11 Bg6 {[%emt 0:06:22] Threatens to win with ...f5.} 20. Rxd8 Qxd8 21. Qd2 $2 {[%emt 0:19:43] [#]} (21. g4 $1 $11) 21... Qb6 $1 $19 {[%emt 0:03:55][%cal Of7f5] ...f5! is the strong threat.} 22. g4 Bxe4 23. fxe4 Rxe4+ {[%emt 0:00:09][%mdl 4096] Endgame KQR-KQR} 24. Kd1 Rxg4 25. Re1 h6 26. Qe2 (26. Re2 $142) 26... Qg6 27. Qe8+ Kh7 {[%emt 0:00:05] White must now prevent ...Qb1+.} 28. Kc1 {[%emt 0:00:20] Repels Qb1+} Rg1 (28... Rg2 $142 29. Re2 Rxh2 {[%mdl 64] Decoy} 30. Rxh2 Qg1+ 31. Kc2 Qxh2+ 32. Kb3 Qc7) 29. Rxg1 $2 (29. h3 {is a better defense.}) 29... Qxg1+ 30. Kc2 Qxh2+ 31. Kb3 Qc7 32. Qe4+ g6 {[%emt 0:00:11] Weighted Error Value: White=0.43/Black=0.20 (precise)} 0-1

[Event "DFMM-LV 2023"]
[Site "Braunfels"]
[Date "2023.06.09"]
[Round "3.8"]
[White "Moeller, Lisa-Marie"]
[Black "Kuemmel, Tina"]
[Result "1-0"]
[Annotator "NA RC COMBH"]
[ECO "C10"]
[WhiteElo "1897"]
[BlackElo "1497"]
[PlyCount "43"]
[EventDate "2023.06.09"]
[EventType "team-tourn"]
[EventCountry "GER"]
[SourceTitle "playchess.com"]
[Source "ChessBase"]
[SourceQuality "1"]
[TimeControl "40/5400+30:1800+30"]

1. e4 e6 2. d4 d5 3. Nd2 dxe4 4. Nxe4 Nd7 5. Nf3 Ngf6 6. Bd3 Be7 7. O-O Nxe4 8. Bxe4 Nf6 9. Bd3 c5 10. c3 O-O 11. Re1 Qc7 12. Qe2 Rd8 13. Bg5 h6 14. Bh4 Bd7 15. dxc5 Qxc5 16. Ne5 Rac8 17. Rad1 Nd5 18. Bxe7 Qxe7 19. Qe4 Nf6 20. Qxb7 Rb8 21. Qxa7 Rxb2 22. Nc6 1-0

[Event "DFMM-LV 2023"]
[Site "Braunfels"]
[Date "2023.06.09"]
[Round "3.9"]
[White "Roessler, Ulrike"]
[Black "Koehler, Inken"]
[Result "0-1"]
[Annotator "TA"]
[ECO "B84"]
[WhiteElo "2176"]
[BlackElo "2008"]
[PlyCount "56"]
[EventDate "2023.06.09"]
[EventType "team-tourn"]
[EventCountry "GER"]
[SourceTitle "playchess.com"]
[Source "ChessBase"]
[SourceQuality "1"]
[TimeControl "40/5400+30:1800+30"]

1. e4 c5 2. Nf3 e6 3. d4 cxd4 4. Nxd4 a6 5. Nc3 Qc7 6. Be2 Nf6 7. O-O Be7 8. f4 d6 9. Be3 Nbd7 10. Qe1 {[%emt 0:04:43] B84: Sicilian Scheveningen: 6 Be2 a6, lines without early Be3.} b5 $1 11. a3 Bb7 12. Bf3 {[%emt 0:00:06] The position is equal.} (12. Qg3 {is interesting.} O-O 13. f5 e5 14. Bh6) 12... Nc5 (12... Nb6 $11) 13. Bf2 (13. e5 $14 dxe5 14. fxe5 Qxe5 15. Nc6) 13... O-O $11 14. Rd1 Rad8 {[%emt 0:05:14] [#]} 15. b4 $146 {[%emt 0:09:36] Strongly threatening e5.} ({Predecessor:} 15. Bh4 Rfe8 16. Kh1 Nfd7 17. Bxe7 Rxe7 18. b4 Na4 19. Nxa4 bxa4 20. Rc1 Nf6 21. c4 {½-½ Onischuk,V (2608)-Vovk,Y (2600) Lvov rapid Cup 2017 (6)}) 15... Ncd7 16. e5 dxe5 $17 17. fxe5 Nxe5 18. Bxb7 Neg4 19. Nf3 (19. Bg3 {might work better.} Qxb7 20. h3) 19... Rxd1 $19 ({Not} 19... Qxb7 20. Bd4) 20. Nxd1 {[%emt 0:00:08] And now Be4 would win.} Nxf2 (20... Qxb7 $2 {is the wrong capture.} 21. Bd4) 21. Qxf2 Qxb7 22. Ne5 Bd6 23. Nd3 {[%emt 0:04:18] [#]} (23. Qe2) 23... Bxh2+ $1 {[%emt 0:02:14][%mdl 576] Decoy. Black is clearly winning.} 24. Kh1 Ne4 {[%emt 0:03:29] Prevents Nc5} 25. Qf3 Bb8 {[%emt 0:00:36][%cal Ob7c7] ...Qc7! would be deadly.} 26. Re1 {[%emt 0:08:21] [#]} Qc7 $1 27. Kg1 (27. g3 Nxg3+) 27... Qh2+ 28. Kf1 Nd2+ {[%emt 0:00:05] Weighted Error Value: White=1.06/Black=0.04 (flawless)} 0-1

[Event "DFMM-LV 2023"]
[Site "Braunfels"]
[Date "2023.06.09"]
[Round "3.10"]
[White "Kopylov, Luba"]
[Black "Korenova, Martina"]
[Result "0-1"]
[Annotator "TA"]
[ECO "E83"]
[WhiteElo "1993"]
[BlackElo "2151"]
[PlyCount "48"]
[EventDate "2023.06.09"]
[EventType "team-tourn"]
[EventCountry "GER"]
[SourceTitle "playchess.com"]
[Source "ChessBase"]
[SourceQuality "1"]
[TimeControl "40/5400+30:1800+30"]

1. d4 Nf6 2. c4 g6 3. Nc3 Bg7 4. e4 O-O 5. Be3 d6 6. f3 Nc6 7. g4 {[%emt 0:03:30] E83: King's Indian: Sämisch Panno (6...Nc6): Lines without either Nge2 or Qd2.} (7. Qd2 $14) 7... e5 $1 $15 {[%emt 0:01:53] aiming for ...exd4.} 8. d5 Nd4 9. Nce2 {[%emt 0:01:54] [#]} ({Don't go for} 9. Bxd4 $2 exd4 10. Nce2 Nxg4 11. fxg4 Bxg4 $19) (9. h4 $15) 9... c6 $146 {[%emt 0:07:18] Black is more active.} (9... Bxg4 $142 10. fxg4 Nxg4 11. Bxd4 Qh4+ 12. Ng3 exd4) ({Predecessor:} 9... c5 10. dxc6 Nxc6 11. Qd2 Qa5 12. Nc3 Nd4 13. O-O-O Be6 14. Kb1 Rfc8 15. Nd5 Qd8 {½-½ Chernomordov,V-Ryakhovskiy,A (1943) Lipetsk Region-ch op 2008 (8)}) 10. Nxd4 exd4 11. Bxd4 Re8 {[%emt 0:00:47][%cal Of6e4,Bf8e8,Be8e4,Be4g4][%mdl 32] Hoping for ...Nxe4!} 12. Bxf6 (12. Bg2 $142) 12... Qxf6 13. Rb1 $2 {[%emt 0:00:38] [#] White is weak on the dark squares. Now White is beyond hope.} (13. Qc2 $17 {was necessary.}) 13... Bxg4 $1 $19 {[%emt 0:14:58][%mdl 576] Deflection} 14. fxg4 $2 (14. Bd3 Qh4+ 15. Kd2) (14. Be2 cxd5) 14... Rxe4+ ({Weaker is} 14... Qh4+ 15. Kd2 $17) 15. Be2 Rae8 {[%emt 0:11:00][%csl LRc4,LRg4] White must now prevent ...Qh4+.} 16. h4 Rxg4 17. h5 Bh6 18. hxg6 hxg6 {[%emt 0:00:22] ...Qf4 would be deadly.} 19. dxc6 bxc6 {[%emt 0:12:40][%cal Og4g2] ( -> ...Rg2!)} 20. Qa4 Qf4 {[%emt 0:03:52] Black mates.} 21. Qxc6 {[%emt 0:02:53] [#]} Rxg1+ $1 22. Rxg1 Qd2+ 23. Kf2 Rxe2+ 24. Kg3 Qf4+ {[%emt 0:00:13] Beautiful play by Korenova!   Weighted Error Value: White=1.61/Black=0.07 (flawless)} 0-1

[Event "DFMM-LV 2023"]
[Site "Braunfels"]
[Date "2023.06.09"]
[Round "3.11"]
[White "Steinbacher, Claudia"]
[Black "Braeutigam, Katerina"]
[Result "0-1"]
[Annotator "TA"]
[ECO "E14"]
[WhiteElo "2039"]
[BlackElo "1957"]
[PlyCount "54"]
[EventDate "2023.06.09"]
[EventType "team-tourn"]
[EventCountry "GER"]
[SourceTitle "playchess.com"]
[Source "ChessBase"]
[SourceQuality "1"]
[TimeControl "40/5400+30:1800+30"]

1. d4 Nf6 2. c4 e6 3. Nf3 b6 4. e3 Bb7 5. Bd3 Ne4 6. O-O Be7 7. Ne1 {[%emt 0:01:59] E14: Queen's Indian: Classical Variation (4 e3).} (7. Nbd2 $14 f5 8. Qc2) 7... f5 8. f3 Nf6 9. Nc3 {[%emt 0:00:21] White is slightly better.} O-O 10. e4 {[%emt 0:05:51][%cal Be3e4,Be4e5][%mdl 32] [#]} Nc6 $146 ({Predecessor:} 10... fxe4 11. fxe4 d6 12. Nc2 Nbd7 13. Ne3 e5 14. d5 g6 15. Be2 Bc8 16. Qc2 Ne8 {1-0 Golovankov,V (2288)-Saveliev,A (2074) St Petersburg-ch sf 85th 2012 (1.13)}) 11. e5 Ne8 12. Nc2 f4 (12... d6 $11) 13. Re1 d6 14. Kh1 dxe5 15. dxe5 Bh4 16. Re4 (16. Re2 $1 $14) 16... Bg5 (16... Qg5 $1 $15 17. Qe2 Rd8) 17. Qf1 (17. Re2 $14) 17... Qe7 (17... a5 $11) 18. Re2 $14 Qf7 19. Be4 Rb8 ({Black should play} 19... Rd8 $14) 20. b3 Qh5 21. Bb2 Be7 22. Bxc6 Bxc6 23. Nd4 Bd7 24. Rd1 Bc5 {[%emt 0:05:02] [#]} (24... Rf7 $142) 25. Ndb5 (25. Nc2 $1 $16 Bc6 26. b4) 25... Bxb5 26. Nxb5 ({Better is} 26. cxb5 $16 {Hoping for Ne4.} Rf5 27. h3 (27. Ne4 $2 {leads to mate.} Qxh2+ {[%mdl 64] Decoy, Clearance} 28. Kxh2 Rh5#)) 26... Rf5 (26... g5 $1 $11) 27. Red2 $2 {[%emt 0:05:41] [#]} (27. Nxa7 $2 {gets mated.} Qxh2+ 28. Kxh2 Rh5#) (27. Bd4 $16) 27... Qxh2+ $3 {[%emt 0:00:36][%mdl 576] Decoy, Clearance. An entertaining game by Braeutigam.   Weighted Error Value: White=0.60/Black=0.45} 0-1

[Event "DFMM-LV 2023"]
[Site "Braunfels"]
[Date "2023.06.09"]
[Round "3.12"]
[White "Braeutigam, Irina"]
[Black "Just, Anita"]
[Result "1/2-1/2"]
[Annotator "TA"]
[ECO "C00"]
[WhiteElo "2007"]
[BlackElo "1910"]
[PlyCount "104"]
[EventDate "2023.06.09"]
[EventType "team-tourn"]
[EventCountry "GER"]
[SourceTitle "playchess.com"]
[Source "ChessBase"]
[SourceQuality "1"]
[TimeControl "40/5400+30:1800+30"]

1. e4 e6 2. d3 d5 3. Nd2 Nf6 4. Ngf3 b6 5. e5 Nfd7 6. g3 Bb7 7. Bg2 c5 8. O-O Nc6 9. Re1 Qc7 10. Qe2 (10. c4 $5 ) 10... g6 {[%emt 0:00:39] C00: French: Unusual White 2nd moves.} (10... Be7 $11) 11. Nf1 (11. c4 $14) 11... Bg7 $11 12. Bf4 O-O (12... h6 $5 ) 13. c3 Rac8 ({Black should play} 13... b5 $11) 14. h4 {[%emt 1:07:06] [#]} (14. d4 $14) 14... h5 $146 ({Predecessor:} 14... b5 15. N1h2 d4 16. cxd4 cxd4 17. Qd2 Rfd8 18. Ng4 Qa5 19. Qxa5 Nxa5 20. Nxd4 Bxg2 21. Kxg2 {1-0 Morgunov,M (2182)-Rumpl,E (2295) AUT-chT2O 1718 2017 (6.6)}) 15. N1h2 Ne7 16. Bh3 (16. d4 $14) 16... Qc6 (16... d4 $1 $11) 17. Rac1 (17. d4 $14) 17... Rfe8 (17... d4 $11) 18. d4 $14 Qa4 19. b3 Qa6 (19... Qa5 $14) 20. Qd2 $16 Nf5 21. Nf1 Qa5 22. b4 Qa3 23. Ne3 cxb4 24. cxb4 Bf8 (24... Nxe3 $11 {keeps the balance.} 25. Rxc8 Rxc8 26. Rxe3 Qc1+ 27. Re1 Qxd2 28. Bxd2 b5) 25. Rb1 Qc3 26. Nxf5 exf5 27. Qxc3 Rxc3 28. Re3 Rec8 29. Bf1 Rc1 $2 {[%emt 0:00:00] [#]} (29... Be7 $14) 30. Re1 $2 (30. Rxc1 $1 $18 Rxc1 31. Ra3 Rxf1+ 32. Kxf1) 30... Rxe1 $14 31. Nxe1 Nb8 32. b5 {[%emt 0:00:21] Inhibits Nc6.} Nd7 33. Rc1 {[%emt 0:00:27] Rxc8 is the strong threat.} Ba3 34. Rxc8+ Bxc8 35. Nc2 Bb2 36. Be3 {[%emt 0:00:30] Strongly threatening Bg2.} Bc3 37. Bd3 ({Better is} 37. Bg2 $16) 37... Nf8 38. f4 Bd7 39. Kf2 Ne6 40. a4 Kf8 41. Kf3 Ke7 42. Bf2 Kd8 $1 43. Ke3 Kc7 (43... Kc8 $1 $11 {remains equal.}) 44. Be1 ({White should try} 44. Be2 $16) 44... Bxe1 45. Nxe1 $11 {[%emt 0:00:04][%mdl 4096] Endgame KBN-KBN} a6 $1 46. Nc2 {[%emt 0:01:21] And now Nb4 would win.} axb5 47. axb5 {[%emt 0:00:41] Nb4 would be deadly.} Kb7 48. Kd2 Nc7 49. Na3 Ne6 {[%emt 0:00:00] [#]} 50. Ke3 (50. Kc3 $1 $16) 50... Nc7 51. Kd2 (51. Bf1 $11) 51... Ne6 $16 52. Ke3 Nc7 $1 {[%emt 0:00:00] Weighted Error Value: White=0.31/Black=0.29 (precise)} 1/2-1/2

[Event "DFMM-LV 2023"]
[Site "Braunfels"]
[Date "2023.06.09"]
[Round "3.13"]
[White "Kosovska, Olena"]
[Black "Gressmann, Hanna"]
[Result "0-1"]
[Annotator "TA"]
[ECO "C80"]
[WhiteElo "1894"]
[BlackElo "1933"]
[PlyCount "58"]
[EventDate "2023.06.09"]
[EventType "team-tourn"]
[EventCountry "GER"]
[SourceTitle "playchess.com"]
[Source "ChessBase"]
[SourceQuality "1"]
[TimeControl "40/5400+30:1800+30"]

1. e4 e5 2. Nf3 Nc6 3. Bb5 a6 4. Ba4 Nf6 5. O-O Nxe4 6. Re1 Nc5 7. Bxc6 dxc6 8. Nxe5 Be7 9. Nc3 {[%emt 0:05:04] C80: Open Ruy Lopez: Sidelines and 9 Nbd2.} O-O 10. h3 Ne6 11. d3 {[%emt 0:01:50] The position is equal.} Nd4 {[%emt 0:11:44] [#]} 12. Ne4 $146 ({Predecessor:} 12. Be3 Nf5 13. Bf4 Be6 14. Nf3 h6 15. d4 Qc8 16. Qe2 a5 17. Ne4 Rd8 18. c3 {½-½ Dias,I (2154)-Strugnell,C (2255) Lisbon Portugal op 2017 (9)}) 12... Be6 13. f4 (13. c3 $11 Nf5 14. b3) 13... f6 (13... Bh4 {with more complications.} 14. Rf1 Re8 15. Be3 f6) 14. Nf3 Nxf3+ 15. Qxf3 Bd5 {[%emt 0:01:25] [#] And now ...f5 would win.} (15... f5 {looks sharper.} 16. Ng5 Bd5 17. Qh5 h6) 16. f5 Re8 17. Qg4 Bxe4 18. Rxe4 Bc5+ 19. Kh1 (19. Kf1 $5 Qd5 20. Bh6 $11) 19... Rxe4 20. Qxe4 Qd5 (20... Qd4 {simplifies} 21. Qxd4 Bxd4 22. Bd2 Re8) 21. Qg4 (21. Qxd5+ $11 cxd5 22. Bd2) 21... Re8 {[%emt 0:04:32] ...Re1+ would be deadly.} 22. Bh6 Re7 $40 {[%emt 0:00:58][%mdl 128] Black goes for the king. Active counter play!} 23. a3 (23. Bd2 $17) 23... b5 (23... Qe5 $19 {[%cal Oc5d6] aiming for ...Bd6!} 24. Rf1 Qe2 25. Qxe2 Rxe2) 24. Bf4 ({White should try} 24. Rf1 $15) 24... Qd4 25. c3 {[%emt 0:02:27] [#]} (25. Rb1 $17) 25... Qf2 $1 $19 {[%emt 0:01:33] Threatens to win with ...Re1+.} ({Not} 25... Qxd3 26. Rd1 Qe4 27. Kh2 $15) 26. b4 $2 (26. d4 Qxb2 27. Rf1) 26... Re1+ 27. Rxe1 Qxe1+ {[%emt 0:00:06] Black mates.} 28. Kh2 Bg1+ 29. Kh1 Bf2+ {[%emt 0:00:07] Weighted Error Value: White=0.86/Black=0.14 (very precise) .  Loses game:     	---       	---        Missed win:     	---       	---        Mistake:       	White=6     	Black=1      Inaccurate:     	White=1     	Black=1      OK:         	White=3     	Black=3      Best:        	---       	Black=1      Strong:       	---       	Black=1      Brilliant:      	---       	---} 0-1

[Event "DFMM-LV 2023"]
[Site "Braunfels"]
[Date "2023.06.09"]
[Round "3.14"]
[White "Leib, Britta"]
[Black "Lowke, Kathrin"]
[Result "0-1"]
[Annotator "TA"]
[ECO "B25"]
[WhiteElo "1960"]
[BlackElo "1848"]
[PlyCount "100"]
[EventDate "2023.06.09"]
[EventType "team-tourn"]
[EventCountry "GER"]
[SourceTitle "playchess.com"]
[Source "ChessBase"]
[SourceQuality "1"]
[TimeControl "40/5400+30:1800+30"]

1. e4 c5 2. Nc3 g6 3. g3 Bg7 4. Bg2 d6 5. d3 Nf6 6. h3 O-O 7. Nge2 Nc6 8. O-O Bd7 {[%emt 0:03:39] B25: Closed Sicilian: 3 g3, lines without early Be3.} 9. f4 Qc8 10. g4 h5 {[%emt 0:03:00] The position is equal.} 11. g5 Nh7 {[%emt 0:01:30] [#]} (11... Ne8 $14 {deserves consideration.}) 12. Kh2 {[%emt 0:01:57] [#]} (12. f5 $1 $16) 12... Nd4 $146 (12... e6 $11) ({Predecessor:} 12... e5 13. Nd5 Be6 14. c3 Bxd5 15. exd5 Ne7 16. Ng3 h4 17. Ne4 Nf5 18. Bf3 f6 {1-0 Alonso Vazquez,R (2030)-Castellano Ostapczuk,L Ortigueira op 2nd 2003 (2)}) 13. Nd5 ({Better is} 13. f5 $14) 13... Re8 (13... Qd8 $11 {remains equal.}) 14. Ng1 (14. f5 $16) 14... e6 $11 15. Ne3 b5 16. c3 Nc6 17. Nf3 b4 18. d4 bxc3 19. bxc3 Rb8 20. Nc4 Qc7 21. e5 dxe5 22. dxe5 Red8 23. Qc2 Ne7 24. Nd6 ({White should try} 24. Nfd2 $11) 24... Nf5 $15 25. Ne4 Bf8 26. Re1 $1 Bc6 27. Qf2 (27. Nfd2 $15) 27... Qb7 {[%emt 0:05:27] Black is more active.} (27... Bxe4 $17 28. Rxe4 Be7) 28. Nfd2 Rd3 29. Nc4 (29. Rb1 $11 Qc8 30. Rxb8 Qxb8 31. Bf1) 29... Qd7 30. Bf1 Rd1 31. Rxd1 Qxd1 32. Be2 $2 (32. Ng3 $15) 32... Qd5 $2 ({Black should play} 32... Qc2 $19 33. Ncd2 Bxe4 34. Nxe4 Qxe4) 33. Ncd2 {[%emt 0:00:28] [#]} Nxg5 $2 34. fxg5 $4 (34. Nf6+ $18 {is the narrow road to win.} Kg7 35. Nxd5) 34... Qxe5+ $19 {[%emt 0:00:14] Black is clearly winning.} 35. Kg1 Bxe4 36. Nxe4 Qxe4 37. Bf3 Qd3 38. Bf4 Rb1+ 39. Rxb1 Qxb1+ 40. Kh2 Qd3 41. Bd2 Bd6+ 42. Kg1 Qb1+ 43. Qe1 Qxa2 44. Be4 Ng3 {[%emt 0:00:00] White must now prevent ...Nxe4.} 45. Bg2 Qc4 46. Qe3 Ne2+ 47. Kf2 Nf4 {[%emt 0:00:00] ...Nxg2 is the strong threat.} 48. Bf1 Qd5 {[%emt 0:00:00] Strongly threatening ...c4.} 49. h4 c4 {[%emt 0:00:00] ( -> ...Bc5)} 50. Qd4 Bc5 {[%emt 0:00:00] Weighted Error Value: White=0.62/Black=0.31} 0-1

[Event "DFMM-LV 2023"]
[Site "Braunfels"]
[Date "2023.06.09"]
[Round "3.15"]
[White "Nobis, Martina"]
[Black "Rosmait, Emily"]
[Result "1/2-1/2"]
[Annotator "NA RC COMBH"]
[ECO "C96"]
[WhiteElo "1834"]
[BlackElo "1862"]
[PlyCount "92"]
[EventDate "2023.06.09"]
[EventType "team-tourn"]
[EventCountry "GER"]
[SourceTitle "playchess.com"]
[Source "ChessBase"]
[SourceQuality "1"]
[TimeControl "40/5400+30:1800+30"]

1. e4 e5 2. Nf3 Nc6 3. Bb5 a6 4. Ba4 Nf6 5. d3 b5 6. Bb3 Be7 7. O-O O-O 8. c3 d6 9. h3 Na5 10. Bc2 c5 11. Nbd2 Qc7 12. Re1 Nc6 13. Nf1 d5 14. exd5 Nxd5 15. Ng3 h6 16. Bb3 Nf6 17. Qe2 Re8 18. Ne4 Bb7 19. Nfd2 Nxe4 20. Nxe4 Bf8 21. Qg4 Kh8 22. Qf5 Bc8 23. Qxf7 Qxf7 24. Bxf7 Rd8 25. Be3 Rxd3 26. Bxc5 Bxc5 27. Nxc5 Rd2 28. b3 Bf5 29. Red1 Rc2 30. Bd5 Rc8 31. c4 bxc4 32. Bxc4 a5 33. g4 Bh7 34. Ne6 Nd4 35. Nxd4 exd4 36. Rxd4 Bg8 37. Bxg8 Kxg8 38. Ra4 R8c5 39. Re1 Rd2 40. Re8+ Kh7 41. h4 h5 42. g5 Rf5 43. f4 Rfd5 {[%emt 0:05:33] [#]} 44. Re1 $11 (44. Rae4 $1 $16) 44... R5d3 45. f5 Rg3+ 46. Kh1 Rh3+ 1/2-1/2

[Event "DFMM-LV 2023"]
[Site "Braunfels"]
[Date "2023.06.09"]
[Round "3.16"]
[White "Freter, Anke"]
[Black "Gottschall, Ina"]
[Result "1-0"]
[Annotator "NA RC COMBH"]
[ECO "B07"]
[WhiteElo "1855"]
[BlackElo "1673"]
[PlyCount "48"]
[EventDate "2023.06.09"]
[EventType "team-tourn"]
[EventCountry "GER"]
[SourceTitle "playchess.com"]
[Source "ChessBase"]
[SourceQuality "1"]
[TimeControl "40/5400+30:1800+30"]

1. e4 g6 2. Nc3 Bg7 3. f4 d6 4. Nf3 c6 5. Bc4 e6 6. O-O Ne7 7. d3 O-O 8. Bb3 d5 9. e5 Nf5 10. Qe1 d4 11. Ne4 Qe7 12. g4 Nh6 13. g5 Nf5 14. Nf6+ Bxf6 15. gxf6 Qc5 16. Ng5 h6 17. Ne4 Qb6 18. Rf3 h5 19. Rh3 Kh7 20. Qe2 Rg8 21. Ng5+ Kh6 22. Nxf7+ Kh7 23. Kh1 Nh6 24. Rxh5 gxh5 1-0

[Event "DFMM-LV 2023"]
[Site "Braunfels"]
[Date "2023.06.09"]
[Round "3.17"]
[White "Li, Zhuoling"]
[Black "Rieseler, Caroline"]
[Result "1/2-1/2"]
[Annotator "TA"]
[ECO "B31"]
[WhiteElo "2216"]
[BlackElo "2126"]
[PlyCount "42"]
[EventDate "2023.06.09"]
[EventType "team-tourn"]
[EventCountry "GER"]
[SourceTitle "playchess.com"]
[Source "ChessBase"]
[SourceQuality "1"]
[TimeControl "40/5400+30:1800+30"]

1. e4 c5 2. Nf3 Nc6 3. Bb5 g6 4. O-O Bg7 5. Bxc6 dxc6 6. h3 e5 7. d3 Qc7 {[%emt 0:01:20] B31: Sicilian: 2...Nc6 3 Bb5 g6.} 8. Be3 b6 9. a4 a5 {[%emt 0:00:05] The position is equal.} 10. Nbd2 Ne7 11. Nc4 Be6 12. b3 O-O {[%emt 0:07:00] [#]} 13. Rb1 $146 ({Predecessor:} 13. Qe2 f6 14. c3 h6 15. d4 cxd4 16. cxd4 f5 17. Nxb6 Qxb6 18. d5 Qb4 19. dxe6 Qxe4 {½-½ Garau,B (2300)-Martinez Pinares,K (2287) CUB-FRA email 2018 [9]}) 13... f5 14. Ng5 {[%emt 0:15:32] A dynamic duo of knights.} Bd7 15. Qe2 (15. b4 $5) 15... h6 {[%emt 0:02:28] [#] ...f4 is the strong threat.} 16. Nf3 f4 17. Bd2 ({White should play} 17. Bc1 $11) 17... g5 (17... b5 $5 18. Na3 g5 $11) 18. Nh2 Kh7 (18... b5 $5 19. Nb2 Nc8 $11) 19. c3 ({Better is} 19. Ra1 $11) 19... b5 20. Nb2 Qd6 21. Rfd1 ({White should try} 21. Nf3) 21... Be6 {[%emt 0:05:05] Weighted Error Value: White=0.26 (precise) /Black=0.10 (very precise)} 1/2-1/2